 Dungeon Crawl Stone Soup version 0.31-a0-841-g038b102fc3 (webtiles) character file.

Game seed: 16238982549487825722

52 Hubris850 the Sneak (level 3, -8/18 HPs)
             Began as a Spriggan Brigand on Sept 27, 2023.
             Killed by nerve-wracking pain
             ... invoked by an orc priest
              (10 damage)
             ... on level 2 of the Dungeon.
             The game lasted 00:01:40 (480 turns).

Hubris850 the Sneak (Spriggan Brigand)               Turns: 480, Time: 00:01:41

Health: -8/18      AC:  3    Str:  7    XL:     3   Next: 60%
Magic:  4/4        EV: 17    Int: 12    God:
Gold:   39         SH:  0    Dex: 18    Spells: 2/2 levels left

rFire   . . .        a - +2 dagger
rCold   . . .        (no shield)
rNeg    . . .        b - +0 robe
rPois   .            (helmet restricted)
rElec   .            c - +0 cloak
rCorr   .            (gloves unavailable)
SInv    +            (boots unavailable)
Will    .....        (no amulet)
Stlth   +++          (no ring)
HPRegen 0.23/turn    (no ring)
MPRegen 0.09/turn

%: no passive effects
@: very quick
A: very small, no large weapons, unfitting armour, see invisible, speed 3
a: no special abilities


You were on level 2 of the Dungeon.
You visited 1 branch of the dungeon, and saw 2 of its levels.

You collected 39 gold pieces.

Inventory:

Hand Weapons
 a - a +2 dagger (weapon)
Missiles
 d - 9 poisoned darts (quivered)
Armour
 b - a +0 robe (worn)
 c - a +0 cloak (worn)
Scrolls
 f - 2 scrolls of teleportation {unknown}
 i - a scroll of revelation {unknown}
 j - a scroll of poison {unknown}
 k - a scroll of torment {unknown}
 l - a scroll of noise {unknown}
Potions
 g - a potion of lignification {unknown}
 h - a potion of haste {unknown}
 m - a potion of degeneration {unknown}


   Skills:
 - Level 2.0 Fighting
 + Level 2.7 Short Blades
 + Level 2.5 Throwing
 + Level 2.4 Dodging
 + Level 6.4 Stealth


You had 2 spell levels left.
You didn't know any spells.
Your spell library was empty.

Dungeon Overview and Level Annotations

Branches:
Dungeon (2/15)

Altars:


Innate Abilities, Weirdness & Mutations

You are very small and have problems with some larger weapons.
You are too small for most types of armour.
You have supernaturally acute eyesight. (SInv)
You cover ground extremely quickly. (Speed+++)


Message History

The kobold shouts!
You hit the orc.
The orc is almost dead.
The orc hits you with a +0 hand axe.
You hit the orc.
You kill the orc!
You hit the ball python.
You kill the ball python!
Throw: 3 darts (curare)
Press: ? - help, Shift-Dir - straight line, f - orc priest
Aim: an orc priest, wielding a +0 dagger (60% to hit)
You throw a curare-tipped dart.
The curare-tipped dart barely misses the orc priest.
The curare-tipped dart barely misses the orc.
The orc priest calls down the wrath of Beogh upon you.
Beogh smites you!
Ouch! That really hurt!
Throw: 2 darts (curare)
Press: ? - help, Shift-Dir - straight line, f/p - orc priest
Aim: an orc priest, wielding a +0 dagger (60% to hit)
You throw a curare-tipped dart.
The curare-tipped dart closely misses the orc priest.
The curare-tipped dart barely misses the orc.
The orc priest mumbles some strange prayers to Beogh against you.
Pain shoots through your body!
* * * LOW HITPOINT WARNING * * *
Throw: dart (curare)
Press: ? - help, Shift-Dir - straight line, f/p - orc priest
Aim: an orc priest, wielding a +0 dagger (60% to hit)
You throw a curare-tipped dart.
The curare-tipped dart hits the orc priest.
The orc priest is poisoned.
The orc priest convulses.
The orc priest seems to slow down.
The orc priest is heavily wounded.
You hit the orc priest.
The orc priest is heavily wounded.
The orc priest calls down the wrath of Beogh upon you.
Pain shoots through your body!
Ouch! That really hurt!
You die...

######### ........##
#######..#####.# .
...............#
..#########..###.# ....
#.......#.##.... .....
#)#.............
.....K##.#.#.#.####....
(....oo@.#.#.#...<.#
......####.#.....#..#
..... #.....#.# # ....
# #.....#.# ...
#.#####.##.# ##
#.......##+####
####..........#
#..........#
#..........#


You could see an orc priest (very poisoned, slow), an orc and a kobold.

Vanquished Creatures
  An orc wizard (D:2)
  A dart slug (D:1)
  An orc (D:2)
  4 endoplasms
  2 giant cockroaches (D:1)
  A hobgoblin (D:1)
  2 jackals (D:1)
  2 quokkas
  4 ball pythons
  A frilled lizard (D:1)
  2 kobolds
  A rat (D:1)
22 creatures vanquished.

Notes
Turn   | Place    | Note
-------+----------+-------------------------------------------
     0 | D:1      | Hubris850 the Spriggan Brigand began the quest for the Orb.
     0 | D:1      | Reached XP level 1. HP: 10/10 MP: 2/2
   113 | D:1      | Reached skill level 6 in Stealth
   167 | D:1      | Reached XP level 2. HP: 15/15 MP: 3/3
   426 | D:2      | Reached XP level 3. HP: 10/18 MP: 4/4
   480 | D:2      | Killed from afar by an orc priest

Illustrated notes

Levels and vault maps discovered:
D:1:      dpeg_arrival_pond, layout_basic, minmay_misc_feat_tiny, st_stairs_3,
          ebering_dispersal_statue_hall, nrook_mini_backslash
D:2:      kennysheep_six_static_rooms, layout_basic, basic_altar, uniq_jessica

Skill      XL: |  1  2 |
---------------+-------+-----
Stealth        | 6 |  6.4
Dodging        | 2 |  2.4
Fighting       | 2 |  2.0
Short Blades   | |  2.7
Throwing       | |  2.5

Action                     || total
---------------------------++-------
  Melee: Dagger            ||    73
  Throw: Dart              ||     5
   Stab: Sleeping          ||     5
 Armour: Robe              ||    11
  Dodge: Dodged            ||    52

Table legend: (Time is in decaauts)
 A = Elapsed time spent in this place.
 B = Non-inter-level travel time spent in this place.
 C = Inter-level travel time spent in this place.
 D = Time resting spent in this place.
 E = Time spent auto-exploring this place.
 F = Levels seen in this place.
 G = Mean time per level.
                   A        B        C        D        E       F      G
               +--------+--------+--------+--------+--------+-----+--------+
         Total |    338 |    328 |     10 |     33 |    183 |   2 |  169.0 |
       Dungeon |    338 |    328 |     10 |     33 |    183 |   2 |  169.0 |
               +--------+--------+--------+--------+--------+-----+--------+

Top non-repeatable levels by time:
     D:1: 243 daAuts
     D:2: 95 daAuts
